 Dungeon Crawl Stone Soup version 0.21-a0-151-ga4fe563 (webtiles) character file.

23 Chaoticas the Grave Robber (level 3, -5/26 HPs)
             Began as a Hill Orc Necromancer on July 30, 2017.
             Slain by a hobgoblin
             ... wielding a +0 club
              (6 damage)
             ... on level 1 of the Dungeon.
             The game lasted 00:04:14 (834 turns).

Chaoticas the Grave Robber (Hill Orc Necromancer)    Turns: 834, Time: 00:04:15

Health: -5/26      AC:  2    Str: 10    XL:     3   Next: 0%
Magic:  0/5        EV: 12    Int: 16    God:
Gold:   53         SH:  0    Dex: 11    Spells: 4/5 levels left

rFire    . . .     SeeInvis .   g - -1 dagger (curse)
rCold    . . .     Gourm    .   (no shield)
rNeg     . . .     Faith    .   a - +0 robe
rPois    .         Spirit   .   (no helmet)
rElec    .         Reflect  .   (no cloak)
rCorr    .         Harm     .   (no gloves)
MR       .....                  (no boots)
Stlth    ++........             (no amulet)
HPRegen  0.08/turn              (no ring)
MPRegen  0.09/turn              (no ring)

@: no status effects
A: no striking features
a: no special abilities


You were on level 1 of the Dungeon.
You were not hungry.

You visited 1 branch of the dungeon, and saw 1 of its levels.

You collected 53 gold pieces.

Inventory:

Hand Weapons
 d - a +0 whip
   (You found it on level 1 of the Dungeon)
 g - a cursed -1 dagger (weapon)
   (You took it off a goblin on level 1 of the Dungeon)
Armour
 a - a +0 robe (worn)
Scrolls
 f - a scroll of teleportation {@r4}
Potions
 e - 2 potions of flight {unknown}
Books
 b - a book of Necromancy
Comestibles
 c - 3 royal jellies
 q - a bread ration


   Skills:
 - Level 1.5 Dodging
 - Level 1.5 Stealth
 + Level 1.8 Spellcasting
 * Level 4.7 Necromancy


You had 4 spell levels left.
You knew the following spells:

 Your Spells              Type           Power        Failure   Level  Hunger
a - Pain                  Necr           ###.         3%          1    ##.....


Dungeon Overview and Level Annotations

Branches:
Dungeon (1/15)

Altars:


Message History

It sticks to your hand!
g - a cursed -1 dagger (weapon)
As you read the scroll labeled RALIAMA BYZUKEESK, it crumbles to dust.
You feel strangely unstable.
It was a scroll of teleportation.
Okay, then.
Unknown command.
Unknown command.
Your surroundings suddenly seem different.
You start resting.
A goblin comes into view. It is wielding a dagger.
A goblin is nearby!
A goblin is nearby!
The goblin moves out of view.
You can't see any susceptible monsters within range! (Use Z to cast anyway.) Unknown command.
The goblin shouts!
The goblin throws a stone.
The stone closely misses you.
A hobgoblin comes into view. It is wielding a club.
Aim: a goblin, wielding a dagger (chance to defeat MR: 85%)
The goblin writhes in agony!
The hobgoblin shouts!
Aim: a goblin, wielding a dagger (heavily wounded, chance to defeat MR: 85%)
The goblin writhes in agony!
Aim: a goblin, wielding a dagger (severely wounded, chance to defeat MR: 85%)
The goblin writhes in agony!
You kill the goblin!
You have reached level 3!
Your experience leads to an increase in your attributes!
Increase (S)trength, (I)ntelligence, or (D)exterity?
You feel clever.
You don't have enough magic to cast that spell.
You hit the hobgoblin but do no damage. The hobgoblin hits you with a club.
* * * LOW HITPOINT WARNING * * *
You hit the hobgoblin. The hobgoblin hits you with a club.
* * * LOW HITPOINT WARNING * * *
Aim: a hobgoblin, wielding a club (chance to defeat MR: 87%)
The hobgoblin writhes in agony!
The hobgoblin barely misses you.
Found a mace.
The hobgoblin barely misses you.
Aim: a hobgoblin, wielding a club (chance to defeat MR: 87%)
The hobgoblin writhes in agony!
The hobgoblin hits you with a club.
* * * LOW HITPOINT WARNING * * *
A rat comes into view.
The rat closely misses you. The hobgoblin hits you with a club.
* * * LOW HITPOINT WARNING * * *
The hobgoblin closely misses you.
Aim: a hobgoblin, wielding a club (almost dead, chance to defeat MR: 87%)
The hobgoblin barely resists.
The hobgoblin hits you with a club.
You die...

##..###.........#....##
#.###..#......#.####.#..(.
#.....)#.....##..###.######
#..............## ..#.#
#...#.....#.....###.#.#
#.#.#(....##...#....#.# #
#.###.####r.##.####.# #.
#.# #g###.# .# .. #.#
#@###.####.#
#####.####....(...(.#
#.)...........######
#.##.########.# .. #.#
###.###### ## #.#
#........#### #.#
#.#.####.##.#### #.#
#.#.####........ #.# #
#.........#.##


You could see a hobgoblin and a rat.

Vanquished Creatures
  An ooze (D:1)
  4 ball pythons (D:1)
  A bat (D:1)
  4 goblins (D:1)
  2 hobgoblins (D:1)
  2 jackals (D:1)
  A frilled lizard (D:1)
  A kobold (D:1)
  2 rats (D:1)
18 creatures vanquished.

Notes
Turn   | Place    | Note
-------+----------+-------------------------------------------
     0 | D:1      | Chaoticas the Hill Orc Necromancer began the quest for the Orb.
     0 | D:1      | Reached XP level 1. HP: 14/14 MP: 3/3
   197 | D:1      | Reached XP level 2. HP: 12/20 MP: 2/4
   802 | D:1      | Reached XP level 3. HP: 16/26 MP: 0/5
   827 | D:1      | HP: 1/26 [hobgoblin/club (5)]
   834 | D:1      | Slain by a hobgoblin

Vault maps used:
D:1:      saegor_arrival_simple_f, st_stairs_13

Action                   || total
-------------------------++-------
Melee: Unarmed           ||     1
       Whip              ||    16
       Dagger            ||     2
 Cast: Pain              ||    30
  Use: Scroll            ||     1
 Stab: Sleeping          ||     1
Armor: Robe              ||     6
Dodge: Dodged            ||    17
